R - U22
KEY LARGO FIGHTING SHRIMP @ MIRAMAR SUN DOGS
06/26/2052
 
TOP OF THE 1ST
Yuma Gnomes batting - Pitching for Sierra Vista Hummingbirds : LHP Alfred Brearley
Pitching: LHP Alfred Brearley
Batting: RHB Donald Brooks 0-0: Called Strike
0-1: Fly out, F9 (Flyball, 8RM, EV 83.8 MPH)
Batting: RHB Jason Marder 0-0: Ground out 6-3 (Groundball, 6, EV 88.8 MPH)
Batting: RHB Yordeni Martínez 0-0: Ball
1-0: Ball
2-0: Ball
3-0: Called Strike
3-1: Base on Balls
Batting: RHB Loren Reed 0-0: Ground out 4-3 (Groundball, 4S, EV 86.9 MPH)
Top of the 1st over - 0 runs, 0 hits, 0 errors, 1 left on base; Yuma 0 - Sierra Vista 0
BOTTOM OF THE 1ST
Sierra Vista Hummingbirds batting - Pitching for Yuma Gnomes : RHP Javier Reyes
Pitching: RHP Javier Reyes
Batting: RHB Jason Halsey 0-0: Ball
1-0: Called Strike
1-1: Called Strike
1-2: Foul Ball, location: 2F
1-2: Strikes out looking
Batting: RHB Wes Johnson 0-0: Ball
1-0: Swinging Strike
1-1: Foul Ball, location: 2F
1-2: Ball
2-2: Ball
3-2: Fly out, F6 (Popup, 15S, EV 83.1 MPH)
Batting: RHB Isaac Moore 0-0: Ball
1-0: Ball
2-0: Called Strike
2-1: Foul Ball, location: 2F
2-2: Strikes out swinging
Bottom of the 1st over - 0 runs, 0 hits, 0 errors, 0 left on base; Yuma 0 - Sierra Vista 0
TOP OF THE 2ND
Yuma Gnomes batting - Pitching for Sierra Vista Hummingbirds : LHP Alfred Brearley
Batting: RHB Alin Lewis 0-0: Called Strike
0-1: Ball
1-1: Swinging Strike
1-2: DOUBLE (Line Drive, 89XD, EV 109.4 MPH)
Batting: RHB Allen Thompson 0-0: Ground out 5-3 (Groundball, 56, EV 86.9 MPH)
Batting: RHB Dustin Tate 0-0: Foul Ball, location: 2F
0-1: Called Strike
0-2: Ball
1-2: Ball
2-2: Ground out 6-3 (Groundball, 6, EV 100.6 MPH)
Batting: RHB Paco Paredes 0-0: Called Strike
0-1: Ball
1-1: Ball
2-1: Called Strike
2-2: Foul Ball, location: 2F
2-2: Ball
3-2: Strikes out swinging
Top of the 2nd over - 0 runs, 1 hit, 0 errors, 1 left on base; Yuma 0 - Sierra Vista 0
BOTTOM OF THE 2ND
Sierra Vista Hummingbirds batting - Pitching for Yuma Gnomes : RHP Javier Reyes
Batting: RHB Rob Bell 0-0: Ball
1-0: Ball
2-0: Swinging Strike
2-1: SINGLE (Groundball, 25, EV 62.5 MPH) (infield hit)
Batting: RHB Juan Alamo 0-0: Ball
1-0: Ball
2-0: Called Strike
2-1: Fielders Choice at 2nd, 4-6 (Groundball, 34, EV 81.2 MPH)
Batting: RHB James Carrasquillo 0-0: Fielders Choice at 2nd, 5-4 (Groundball, 56, EV 90.0 MPH)
Batting: RHB Jonah Espinosa 0-0: Ball
1-0: Foul Ball, location: 2F
1-1: Ball
2-1: Swinging Strike
2-2: Ball
3-2: Foul Ball, location: 2F
3-2: Foul Ball, location: 2F
3-2: Fly out, F8 (Flyball, 8RD, EV 100.0 MPH)
Bottom of the 2nd over - 0 runs, 1 hit, 0 errors, 1 left on base; Yuma 0 - Sierra Vista 0
TOP OF THE 3RD
Yuma Gnomes batting - Pitching for Sierra Vista Hummingbirds : LHP Alfred Brearley
Batting: RHB Jimar Rayford 0-0: Ground out 1-3 (Groundball, 13S, EV 69.4 MPH)
Batting: RHB Donald Brooks 0-0: Foul Ball, location: 2F
0-1: Ball
1-1: Ball
2-1: Foul Ball, location: 2F
2-2: Foul Ball, location: 2F
2-2: Foul Ball, location: 2F
2-2: Ground out 5-3 (Groundball, 56S, EV 91.9 MPH)
Batting: RHB Jason Marder 0-0: Foul Ball, location: 2F
0-1: Foul Ball, location: 2F
0-2: Ground out 6-3 (Groundball, 6S, EV 69.4 MPH)
Top of the 3rd over - 0 runs, 0 hits, 0 errors, 0 left on base; Yuma 0 - Sierra Vista 0
BOTTOM OF THE 3RD
Sierra Vista Hummingbirds batting - Pitching for Yuma Gnomes : RHP Javier Reyes
Batting: RHB Elias Koper 0-0: Swinging Strike
0-1: Ball
1-1: Called Strike
1-2: Fly out, F8 (Flyball, 8LD, EV 86.2 MPH)
Batting: RHB Logan McGee 0-0: Swinging Strike
0-1: Called Strike
0-2: Ball
1-2: Ball
2-2: Ball
3-2: Ground out 1-3 (Groundball, P, EV 70.0 MPH)
Batting: RHB Jason Halsey 0-0: Called Strike
0-1: Ball
1-1: Ground out 5-3 (Groundball, 56S, EV 83.1 MPH)
Bottom of the 3rd over - 0 runs, 0 hits, 0 errors, 0 left on base; Yuma 0 - Sierra Vista 0
TOP OF THE 4TH
Yuma Gnomes batting - Pitching for Sierra Vista Hummingbirds : LHP Alfred Brearley
Batting: RHB Yordeni Martínez 0-0: Ball
1-0: Ball
2-0: Foul Ball, location: 2F
2-1: DOUBLE (Line Drive, 7LS, EV 105.0 MPH)
Batting: RHB Loren Reed 0-0: Ball
1-0: Ball
2-0: Ball
3-0: Base on Balls
Batting: RHB Alin Lewis 0-0: Ball
1-0: Foul Ball, location: 2F
1-1: Called Strike
1-2: Foul Ball, location: 2F
1-2: Foul Ball, location: 2F
1-2: Foul Ball, location: 2F
1-2: Foul Ball, location: 5F, Error on foul ball, E5
1-2: Foul Ball, location: 2F
1-2: Ball
2-2: Ball
3-2: Foul Ball, location: 2F
3-2: Base on Balls
Yordeni Martínez to third
Loren Reed to second
Batting: RHB Allen Thompson 0-0: Called Strike
0-1: Ball
1-1: Ball
2-1: Fly out, F4 (Flyball, 34D, EV 94.4 MPH)
Batting: RHB Dustin Tate 0-0: Fly out, F9 (Flyball, 9S, EV 87.5 MPH)
Batting: RHB Paco Paredes 0-0: Ball
1-0: Ball
2-0: Ball
3-0: Base on Balls
Yordeni Martínez scores
Loren Reed to third
Alin Lewis to second
Batting: RHB Jimar Rayford 0-0: Ball
1-0: Fly out, F4 (Line Drive, 4MD, EV 71.2 MPH)
Top of the 4th over - 1 run, 1 hit, 1 error, 3 left on base; Yuma 1 - Sierra Vista 0
BOTTOM OF THE 4TH
Sierra Vista Hummingbirds batting - Pitching for Yuma Gnomes : RHP Javier Reyes
Batting: RHB Wes Johnson 0-0: Ball
1-0: Foul Ball, location: 2F
1-1: Swinging Strike
1-2: Foul Ball, location: 2F
1-2: Foul Ball, location: 2F
1-2: Ground out 5-3 (Groundball, 56, EV 86.2 MPH)
Batting: RHB Isaac Moore 0-0: Ball
1-0: Ball
2-0: Ball
3-0: Base on Balls
Batting: RHB Rob Bell 0-0: Fielders Choice at 2nd, 2-4 (Groundball, 2L, EV 68.8 MPH)
Batting: RHB Juan Alamo 0-0: Ball
1-0: Ball
Rob Bell steals 2nd base
2-0: Fly out, F3 (Popup, 3SF, EV 77.5 MPH)
Bottom of the 4th over - 0 runs, 0 hits, 0 errors, 1 left on base; Yuma 1 - Sierra Vista 0
TOP OF THE 5TH
Yuma Gnomes batting - Pitching for Sierra Vista Hummingbirds : LHP Alfred Brearley
Batting: RHB Donald Brooks 0-0: Called Strike
0-1: Ball
1-1: Ball
2-1: Ball
3-1: Base on Balls
Batting: RHB Jason Marder 0-0: Ball
Donald Brooks steals 2nd base
1-0: Called Strike
1-1: Bunted foul
1-2: Reached on error, E7 (Flyball, 78M, EV 90.6 MPH)
Donald Brooks to third
Batting: RHB Yordeni Martínez 0-0: Ball
1-0: Swinging Strike
1-1: Grounds into double play, 6-4-3 (Groundball, 56, EV 80.0 MPH)
Donald Brooks scores
Batting: RHB Loren Reed 0-0: Fly out, F7 (Flyball, 78M, EV 95.0 MPH)
Top of the 5th over - 1 run, 0 hits, 1 error, 0 left on base; Yuma 2 - Sierra Vista 0
BOTTOM OF THE 5TH
Sierra Vista Hummingbirds batting - Pitching for Yuma Gnomes : RHP Javier Reyes
Batting: RHB James Carrasquillo 0-0: Foul Ball, location: 2F
0-1: Ball
1-1: Ground out 5-3 (Groundball, 56, EV 85.0 MPH)
Batting: RHB Jonah Espinosa 0-0: Fly out, F8 (Flyball, 89M, EV 94.4 MPH)
Batting: RHB Elias Koper 0-0: Ball
1-0: Fly out, F8 (Flyball, 8LD, EV 97.5 MPH)
Bottom of the 5th over - 0 runs, 0 hits, 0 errors, 0 left on base; Yuma 2 - Sierra Vista 0
TOP OF THE 6TH
Yuma Gnomes batting - Pitching for Sierra Vista Hummingbirds : LHP Alfred Brearley
Batting: RHB Alin Lewis 0-0: Ball
1-0: Foul Ball, location: 2F
1-1: Called Strike
1-2: Ground out 6-3 (Groundball, 6MS, EV 77.5 MPH)
Batting: RHB Allen Thompson 0-0: Foul Ball, location: 2F
0-1: SOLO HOME RUN (Flyball, 78XD, EV 107.5 MPH), Distance : 403 ft
Batting: RHB Dustin Tate 0-0: Called Strike
0-1: Ball
1-1: Swinging Strike
1-2: Strikes out swinging
Batting: RHB Paco Paredes 0-0: Called Strike
0-1: Ball
1-1: SINGLE (Groundball, P, EV 91.2 MPH) (infield hit)
Pitching: RHP Max Ford
Batting: RHB Jimar Rayford 0-0: Ball
1-0: Ground out 3-1 (Groundball, 34S, EV 90.0 MPH)
Top of the 6th over - 1 run, 2 hits, 0 errors, 1 left on base; Yuma 3 - Sierra Vista 0
BOTTOM OF THE 6TH
Sierra Vista Hummingbirds batting - Pitching for Yuma Gnomes : RHP Javier Reyes
Batting: RHB Logan McGee 0-0: Called Strike
0-1: Called Strike
0-2: Ball
1-2: Strikes out swinging
Batting: RHB Jason Halsey 0-0: Ball
1-0: Called Strike
1-1: Called Strike
1-2: Ground out 4-3 (Groundball, 4, EV 100.0 MPH)
Batting: RHB Wes Johnson 0-0: Ball
1-0: Ball
2-0: Ball
3-0: Base on Balls
Batting: RHB Isaac Moore 0-0: Ball
Wes Johnson steals 2nd base
1-0: Foul Ball, location: 2F
1-1: Fly out, F9 (Flyball, 9S, EV 81.2 MPH)
Bottom of the 6th over - 0 runs, 0 hits, 0 errors, 1 left on base; Yuma 3 - Sierra Vista 0
TOP OF THE 7TH
Yuma Gnomes batting - Pitching for Sierra Vista Hummingbirds : RHP Max Ford
Batting: RHB Donald Brooks 0-0: Ball
1-0: Called Strike
1-1: Reached on error, E6 (Groundball, 6, EV 93.1 MPH)
Batting: RHB Jason Marder 0-0: Called Strike
Donald Brooks is caught stealing 2nd base 2-4
0-1: Foul Ball, location: 2F
0-2: Ball
1-2: SOLO HOME RUN (Flyball, 7LD, EV 96.2 MPH), Distance : 334 ft
Batting: RHB Yordeni Martínez 0-0: Foul Ball, location: 2F
0-1: Swinging Strike
0-2: Ball
1-2: Ball
2-2: Ball
3-2: Fly out, F5 (Popup, 56S, EV 88.8 MPH)
Batting: RHB Loren Reed 0-0: Called Strike
0-1: Foul Ball, location: 2F
0-2: Strikes out swinging
Top of the 7th over - 1 run, 1 hit, 1 error, 0 left on base; Yuma 4 - Sierra Vista 0
BOTTOM OF THE 7TH
Sierra Vista Hummingbirds batting - Pitching for Yuma Gnomes : RHP Javier Reyes
Pitching: LHP Tycho Guajardo
Batting: RHB Rob Bell 0-0: Ball
1-0: Ball
2-0: Ball
3-0: Base on Balls
Batting: RHB Juan Alamo 0-0: Foul Ball, location: 2F
0-1: Ball
1-1: Ball
Wild Pitch!
Rob Bell to second
2-1: Ground out 5-3 (Groundball, 5S, EV 84.4 MPH)
Batting: RHB James Carrasquillo 0-0: Called Strike
0-1: Ball
1-1: Foul Ball, location: 2F
1-2: Strikes out swinging
Batting: RHB Jonah Espinosa 0-0: Ball
1-0: Ground out 6-3 (Groundball, 6, EV 80.6 MPH)
Bottom of the 7th over - 0 runs, 0 hits, 0 errors, 1 left on base; Yuma 4 - Sierra Vista 0
TOP OF THE 8TH
Yuma Gnomes batting - Pitching for Sierra Vista Hummingbirds : RHP Max Ford
Batting: RHB Alin Lewis 0-0: Ball
1-0: Foul Ball, location: 2F
1-1: Ball
2-1: Called Strike
2-2: Strikes out swinging
Batting: RHB Allen Thompson 0-0: Fly out, F8 (Flyball, 78M, EV 91.9 MPH)
Pinch Hitting: SHB Iván Carrillo 0-0: Ball
1-0: Fly out, F9 (Flyball, 89M, EV 88.1 MPH)
Top of the 8th over - 0 runs, 0 hits, 0 errors, 0 left on base; Yuma 4 - Sierra Vista 0
BOTTOM OF THE 8TH
Sierra Vista Hummingbirds batting - Pitching for Yuma Gnomes : LHP Tycho Guajardo
Now in CF: Matt Gamble
Batting: RHB Elias Koper 0-0: Called Strike
0-1: Ball
1-1: Fly out, F8 (Flyball, 78M, EV 88.8 MPH)
Batting: RHB Logan McGee 0-0: Foul Ball, location: 2F
0-1: Ball
1-1: Foul Ball, location: 2F
1-2: Ball
2-2: Ball
3-2: Foul Ball, location: 2F
3-2: Base on Balls
Batting: RHB Jason Halsey 0-0: Ball
1-0: Foul Ball, location: 2F
1-1: Ball
2-1: Foul Ball, location: 2F
2-2: Foul Ball, location: 2F
2-2: Ball
3-2: Base on Balls
Logan McGee to second
Batting: RHB Wes Johnson 0-0: Called Strike
0-1: Foul Ball, location: 2F
0-2: Strikes out swinging
Batting: RHB Isaac Moore 0-0: Swinging Strike
0-1: Ball
1-1: Swinging Strike
1-2: Foul Ball, location: 2F
1-2: Strikes out swinging
Bottom of the 8th over - 0 runs, 0 hits, 0 errors, 2 left on base; Yuma 4 - Sierra Vista 0
TOP OF THE 9TH
Yuma Gnomes batting - Pitching for Sierra Vista Hummingbirds : RHP Max Ford
Batting: RHB Paco Paredes 0-0: Called Strike
0-1: Ball
1-1: Ball
2-1: Ground out 4-3 (Groundball, 34D, EV 101.2 MPH)
Pinch Hitting: LHB Melchor Poblano 0-0: Ball
1-0: Ball
2-0: Foul Ball, location: 2F
2-1: Fly out, F8 (Flyball, 8RD, EV 90.6 MPH)
Batting: RHB Donald Brooks 0-0: Ball
1-0: Fly out, F7 (Flyball, 7, EV 75.0 MPH)
Top of the 9th over - 0 runs, 0 hits, 0 errors, 0 left on base; Yuma 4 - Sierra Vista 0
BOTTOM OF THE 9TH
Sierra Vista Hummingbirds batting - Pitching for Yuma Gnomes : LHP Tycho Guajardo
Now at 1B: J.R. James
Batting: RHB Rob Bell 0-0: Ball
1-0: Foul Ball, location: 2F
1-1: DOUBLE (Line Drive, 7LS, EV 108.1 MPH)
Pitching: LHP William Carroll
Batting: RHB Juan Alamo 0-0: Called Strike
0-1: Ground out 1-5-3 (Groundball, 15S, EV 101.2 MPH)
Rob Bell to third
Pinch Hitting: LHB Nolan Bowman 0-0: Foul Ball, location: 2F
0-1: Ball
1-1: Ground out U3 (Groundball, 34, EV 85.6 MPH)
Rob Bell scores
Pinch Hitting: RHB Alex Pérez 0-0: Swinging Strike
0-1: Called Strike
0-2: Ball
1-2: Foul Ball, location: 2F
1-2: Ball
2-2: Strikes out swinging
Bottom of the 9th over - 1 run, 1 hit, 0 errors, 0 left on base; Yuma 4 - Sierra Vista 1
Friday, April 26th , 2024 - OOTP Baseball 24.11 Build 85